 Dungeon Crawl Stone Soup version 0.30-b1-5-g8e6c1be481 (webtiles) character file.

Game seed: 11251014937055975016

272 javelincjr the Magician (level 6, -1/41 HPs)
             Began as a Djinni Fire Elementalist on May 3, 2023.
             Slain by Robin
             ... wielding a +9 club
              (9 damage)
             ... on level 2 of the Dungeon.
             The game lasted 00:07:55 (1542 turns).

javelincjr the Magician (Djinni Fire Elementalist)  Turns: 1542, Time: 00:07:56

Health: -1/41      AC:  2    Str:  9    XL:     6   Next: 48%
Gold:   149        EV: 13    Int: 17    God:
                   SH:  0    Dex: 13

rFire   + + .        l - +3 scythe (heavy)
rCold   x . .        (shield currently unavailable)
rNeg    . . .        a - +0 robe
rPois   ∞            (no helmet)
rElec   .            (no cloak)
rCorr   .            (no gloves)
SInv    .            (boots unavailable)
Will    .....        (no amulet)
Stlth   ++           (no ring)
HPRegen 0.26/turn    (no ring)
MPRegen 0.00/turn

%: infuse magic (-2 HP)
@: flying
A: sickness immunity, fire resistance 2, cold vulnerability 1, float, innate
caster, HP casting, extra vitality 1
a: no special abilities


You were on level 2 of the Dungeon.
You visited 1 branch of the dungeon, and saw 2 of its levels.

You collected 149 gold pieces.

Inventory:

Hand Weapons
 l - a +3 heavy scythe (weapon)
Armour
 a - a +0 robe (worn)
Scrolls
 c - a scroll of teleportation {unknown}
 h - a scroll of identify {unknown}
 i - a scroll of enchant armour {unknown}
 j - a scroll of immolation {unknown}
 k - a scroll of blinking {unknown}
Potions
 b - a potion of resistance {unknown}
 d - 3 potions of attraction {unknown}
 e - a potion of might {unknown}
 f - a potion of brilliance {unknown}
 g - 2 potions of invisibility {unknown}
 m - a potion of magic {unknown}
 n - a potion of curing {unknown}


   Skills:
 + Level 0.4 Fighting
 + Level 3.2 Dodging
 + Level 2.2 Stealth
 + Level 4.7 Spellcasting


You knew the following spells:

 Your Spells              Type           Power      Damage    Failure   Level
a - Foxfire               Conj/Fire      76%        2x1d7     2%          1
b - Scorch                Fire           38%        2d6       3%          2
c - Volatile Blastmotes   Fire/Tloc      38%        2d13      6%          3
d - Inner Flame           Hex/Fire       19%        N/A       6%          3
e - Flame Wave            Conj/Fire      19%        2d7       22%         4
f - Kiss of Death         Conj/Necr      76%        2d11      2%          1
g - Momentum Strike       Conj/Tloc      38%        3d9       3%          2
Your spell library was empty.

Dungeon Overview and Level Annotations

Branches:
Dungeon (2/15)

Altars:

Shops:
D:2 =

Annotations:
D:2 Robin


Innate Abilities, Weirdness & Mutations

You are immune to sickness and miasma.
You are immune to poison.
Your flesh is very heat resistant. (rF++)
You are vulnerable to cold. (rC-)
You float through the air rather than walking.
You learn spells naturally, not from books.
Your magical power is your life essence.
You have superior vitality. (+4 MHP)


Message History

Unknown command.
Casting: Foxfire (safe; 2% risk of failure)
Confirm with . or Enter, or press ? or * to list all spells.
You conjure some foxfire!
The foxfire hits the hobgoblin.
The hobgoblin is lightly wounded.
The foxfire hits the hobgoblin!
You kill the hobgoblin!
The ball python bites you but does no damage.
The ball python constricts you.
The foxfire hits the goblin.
The goblin is moderately wounded.
The ball python bites you. The ball python constricts you.
You escape the ball python's grasp.
The foxfire hits the goblin.
You kill the goblin!
The cloud of blastmotes explodes!
The concussive blast engulfs the ball python!
You kill the ball python!
The concussive blast engulfs the hobgoblin.
The hobgoblin is almost dead.
The hobgoblin is knocked back by the blast.
Robin attacks as you move away! Robin barely misses you.
Casting: Foxfire (safe; 2% risk of failure)
Confirm with . or Enter, or press ? or * to list all spells.
Flames lash the hobgoblin.
You kill the hobgoblin!
Robin hits you with a +9 club.
* * * LOW HITPOINT WARNING * * *
Casting: Scorch (safe; 3% risk of failure)
Confirm with . or Enter, or press ? or * to list all spells.
Flames lash Robin.
Robin is heavily wounded.
Robin's fire resistance burns away.
* * * LOW HITPOINT WARNING * * *
Robin misses you.
Casting: Scorch (safe; 3% risk of failure)
Confirm with . or Enter, or press ? or * to list all spells.
Flames lash the hobgoblin.
You kill the hobgoblin!
* * * LOW HITPOINT WARNING * * *
Robin hits you with a +9 club!
You die...

###..........................#
###..................(.......#
###..##......................#
#....##.....#................#
#...∩....####.##........####.#
####....## #.##........# .#
###..### #.##..).....#
###..### #.##........#
##...### #@##.÷......#
#.....###g##........#
####...................#
...†.....g.............#
.......)†)..............# .#
........))..............# #.#
.........#........÷.....# #...
.........#..............# #...
.......).#.........[....# #...


You could see Robin (combustible).

Vanquished Creatures
  Sigmund (D:2)
  Natasha (D:2)
  3 adders (D:2)
  A worm (D:2)
  A dart slug (D:1)
  7 ball pythons
  3 endoplasms
  3 giant cockroaches
  10 goblins
  12 hobgoblins
  8 jackals
  A quokka (D:1)
  A bat (D:2)
  4 frilled lizards
  A kobold (D:1)
  2 rats
59 creatures vanquished.

Vanquished Creatures (others)
  148 foxfires
148 creatures vanquished.

Grand Total: 207 creatures vanquished

Notes
Turn   | Place    | Note
-------+----------+-------------------------------------------
     0 | D:1      | javelincjr the Djinni Fire Elementalist began the quest for
                  | the Orb.
     0 | D:1      | javelincjr set off with the following spells memorised:
                  | Foxfire, Scorch, Volatile Blastmotes, Inner Flame, Flame
                  | Wave.
     0 | D:1      | Reached XP level 1. HP: 15/15 MP: 0/0
   156 | D:1      | Reached XP level 2. HP: 10/21 MP: 0/0
   720 | D:1      | Reached skill level 3 in Spellcasting
   720 | D:1      | Reached XP level 3. HP: 21/25 MP: 0/0
   720 | D:1      | Learned a level 1 spell: Kiss of Death
  1122 | D:2      | Noticed Sigmund
  1128 | D:2      | Killed Sigmund
  1129 | D:2      | Reached skill level 4 in Spellcasting
  1129 | D:2      | Reached XP level 4. HP: 25/31 MP: 0/0
  1129 | D:2      | Reached XP level 5. HP: 28/35 MP: 0/0
  1129 | D:2      | Learned a level 2 spell: Momentum Strike
  1141 | D:2      | Reached XP level 6. HP: 24/40 MP: 0/0
  1433 | D:2      | Noticed Natasha
  1437 | D:2      | Killed Natasha
  1465 | D:2      | Found Piesubuc's Jewellery Shoppe.
  1526 | D:2      | Noticed Robin
  1542 | D:2      | Slain by Robin

Illustrated notes

Levels and vault maps discovered:
D:1:      saegor_arrival_simple_d, layout_loops_ring
D:2:      layout_basic, serial_shops, nicolae_square_shop, minmay_distorted,
          uniq_sigmund, uniq_robin, uniq_natasha

Skill      XL: |  1  2  3 |
---------------+----------+-----
Spellcasting   | 3 4 |  4.7
Dodging        | 3 |  3.2
Stealth        | 2 |  2.2
Fighting       | |  0.4

Action                     |  1- 3 |  4- 6 || total
---------------------------+-------+-------++-------
  Melee: Unarmed           |     8 |       ||     8
         Halberd           |       |     3 ||     3
   Cast: Foxfire           |    49 |    45 ||    94
         Scorch            |    16 |     3 ||    19
         Volatile Blastmot |       |     2 ||     2
         Momentum Strike   |       |     2 ||     2
         Inner Flame       |       |     1 ||     1
 Armour: Robe              |     1 |     3 ||     4
  Dodge: Dodged            |    16 |    13 ||    29
